 Dungeon Crawl Stone Soup version 0.27-a0-124-g19cb506db8 (webtiles) character file.

Game seed: 5098658775594009447

12398 kae the Grappler (level 11, 0/92 HPs)
             Began as a Green Draconian Transmuter on Jan 26, 2021.
             Was a Believer of Ru.
             Slain by a yak (10 damage)
             ... on level 8 of the Dungeon.
             The game lasted 00:10:38 (17011 turns).

kae the Grappler (Green Draconian Transmuter)      Turns: 17011, Time: 00:10:38

Health: 0/92       AC:  7    Str: 22    XL:     11   Next: 61%
Magic:  0/20       EV: 15    Int: 14    God:    Ru [**....]
Gold:   695        SH:  0    Dex: 11    Spells: 7/22 levels left

rFire    . . .     SeeInvis .     - Unarmed
rCold    . . .     Faith    .   (shield currently unavailable)
rNeg     . . .     Spirit   +   (armour unavailable)
rPois    +         Reflect  .   (helmet restricted)
rElec    .         Harm     .   (no cloak)
rCorr    .         Rampage  .   (gloves currently unavailable)
Will     .....                  (no boots)
Stlth    +.........             D - amulet of guardian spirit
HPRegen  0.25/turn              c - ring of wizardry
MPRegen  0.17/turn              A - +6 ring of strength

@: blade hands
A: breathe noxious fumes, unfitting armour, poison resistance, cold-blooded,
unskilled 1, AC +7
a: Breathe Noxious Fumes, End Transformation, Renounce Religion


You were on level 8 of the Dungeon.
You worshipped Ru.
Ru was pleased with you.
You had blades for hands.
You visited 3 branches of the dungeon, and saw 13 of its levels.

You collected 695 gold pieces.

Inventory:

Jewellery
 c - a ring of wizardry (left scythe-like blade)
 h - an uncursed ring of willpower
 s - an uncursed amulet of faith
 w - an uncursed ring of ice
 x - an uncursed ring of fire
 A - a +6 ring of strength (right scythe-like blade)
 D - an amulet of guardian spirit (around neck)
 F - an uncursed ring of protection from fire
Wands
 f - a wand of iceblast (12)
 i - a wand of paralysis (16)
 m - a wand of flame (59)
 n - a wand of random effects (74)
 z - a wand of digging (4)
 B - a wand of acid (5)
Scrolls
 d - 6 scrolls of magic mapping
 e - 4 scrolls of enchant weapon
 k - 5 scrolls of remove curse
 l - 4 scrolls of teleportation
 q - 3 scrolls of random uselessness
 v - 2 scrolls of amnesia
 y - a scroll of blinking
 C - a scroll of enchant armour
Potions
 a - 6 potions of curing
 b - a potion of magic
 g - 2 potions of cancellation
 j - 2 potions of brilliance
 o - 2 potions of heal wounds
 p - a potion of lignification
 t - 2 potions of might
 G - a potion of ambrosia


   Skills:
 + Level 7.2 Fighting
 + Level 6.3 Dodging
 * Level 10.0 Unarmed Combat
 + Level 6.3 Spellcasting
 + Level 6.8 Transmutations
 - Level 4.0 Ice Magic
 - Level 3.2 Poison Magic


You had 7 spell levels left.
You knew the following spells:

 Your Spells              Type           Power        Failure   Level
a - Beastly Appendage     Tmut           46%          6%          1
b - Spider Form           Tmut/Pois      9%           14%         3
c - Ice Form              Ice/Tmut       19%          26%         4
d - Blade Hands           Tmut           11%          36%         5
e - Swiftness             Air            4%           32%         2

Your spell library contained the following spells:

 Spells                   Type           Power        Failure   Level
 Wereblood                Tmut           23%          7%          2
 Shock                    Conj/Air       16%          26%         1
 Static Discharge         Conj/Air       4%           47%         3
 Airstrike                Air            2%           80%         4
 Lightning Bolt           Conj/Air       2%           96%         5


Dungeon Overview and Level Annotations

Branches:
Dungeon (11/15)            Temple (1/1) D:6            Lair (1/6) D:8
    Orc: D:9-12

Altars:
Ashenzari
Cheibriados
Dithmenos
Elyvilon
Fedhas
Gozag
Hepliaklqana
Kikubaaqudgha
Makhleb
Nemelex Xobeh
Okawaru
Qazlal
Ru
Sif Muna
Trog
Uskayaw
Vehumet
Wu Jian
Xom
Yredelemnul
Zin
The Shining One

Shops:
D:6 :

Annotations:
D:6 2 transporters, Borgoz's ghost, novice HaFi


Innate Abilities, Weirdness & Mutations

You can breathe blasts of noxious fumes.
Your lurid green scales are hard. (AC +7)
You cannot fit into any form of body armour.
Your system is resistant to poisons. (rPois)
You are cold-blooded and may be slowed by cold attacks.
You are somewhat unskilled. (-1 Apt)


Message History

You shred the yak!!!
You kill the yak!
The yak gores you. x2; The yak barely misses you.
Your hands revert to their normal proportions.
You barely miss the yak.
The yak is heavily wounded.
The yak gores you but does no damage. The yak closely misses you.
You punch the yak!
The yak is severely wounded.
The yak completely misses you. The yak gores you! The yak gores you.
Casting: Blade Hands (dangerous; 11% risk of failure)
Confirm with . or Enter, or press ? or * to list all spells.
Your hands turn into razor-sharp scythe blades.
The yak gores you!
* * * LOW HITPOINT WARNING * * *
The yak barely misses you. The yak misses you. The yak gores you!
* * * LOW HITPOINT WARNING * * *
The yak barely misses you. The yak gores you!
You die...

'........#.........#.......#
#........'.........#.......#
#........#.###...###.......#
'........#.##.....##.......#
#........#.#..P....#.......#####
#........#.#.P..P..#..######...#
#........#............'........#
#........#.....Y÷.....#........#
...[.....#.....Y@.....#........#
.........##....Y......###.##...#
.#'####...........÷÷############
.#....#....#.P.....#....#
.#....#....#.......#....#
.#....+....##.....##....#
.#....#....###...###....#
.#....#...........##'###########
.####+####+##..............#...#


You could see 3 yaks.

Vanquished Creatures
  3 boulder beetles (D:11)
  A hydra (D:9)
  A two-headed ogre (D:11)
  An elephant (D:8)
  Maggie (D:9)
  A kobold demonologist (D:9)
  2 trolls (D:11)
  A hornet (D:8)
  Grinder (D:4)
  Sigmund (D:3)
  14 yaks
  3 wyverns
  A steam dragon (D:9)
  2 water moccasins
  2 orc warriors (D:11)
  2 phantoms
  4 ice beasts
  2 black bears (D:8)
  A sky beast (D:9)
  2 ogres (D:9)
  11 centaurs
  3 big kobolds
  5 bullfrogs
  A wyvern zombie (D:11)
  3 scorpions (D:4)
  3 killer bees (D:10)
  8 wights
  A howler monkey (D:9)
  2 bullfrog zombies
  3 jellies
  3 hounds
  6 orc priests
  2 centaur skeletons (D:8)
  3 iguanas
  5 orc wizards
  11 worker ants
  A hound skeleton (D:10)
  A worker ant zombie (D:8)
  13 adders
  A shadow imp (D:10)
  2 white imps
  2 oozes
  An adder skeleton (D:6)
  A worm (D:3)
  6 dart slugs
  5 leopard geckos
  20 orcs
  4 ball pythons
  5 giant cockroaches
  4 goblins
  10 hobgoblins
  11 jackals
  9 kobolds
  2 quokkas (D:2)
  A ball python skeleton (D:4)
  7 bats
  5 frilled lizards
  7 rats
234 creatures vanquished.

Vanquished Creatures (others)
  2 kobolds (D:9)
  A fungus (D:8)
  4 toadstools (D:1)
7 creatures vanquished.

Grand Total: 241 creatures vanquished

Notes
Turn   | Place    | Note
-------+----------+-------------------------------------------
     0 | D:1      | kae the Draconian Transmuter began the quest for the Orb.
     0 | D:1      | Reached XP level 1. HP: 16/16 MP: 3/3
   197 | D:1      | Reached XP level 2. HP: 22/23 MP: 3/5
   500 | D:1      | You fall into a shaft and drop 1 floor!
   748 | D:2      | Found a stormy altar of Qazlal.
   755 | D:2      | Reached XP level 3. HP: 28/28 MP: 4/6
   759 | D:2      | Learned a level 3 spell: Spider Form
   760 | D:2      | Found a basalt altar of Yredelemnul.
   761 | D:2      | Found a glowing silver altar of Zin.
   761 | D:2      | Found a burning altar of Makhleb.
   761 | D:2      | Found a broken altar of Ashenzari.
   780 | D:2      | Found a glowing golden altar of the Shining One.
   781 | D:2      | Found a shadowy altar of Dithmenos.
   812 | D:2      | You fall into a shaft and drop 1 floor!
   845 | D:3      | Noticed Sigmund
  1090 | D:2      | Found an opulent altar of Gozag.
  2303 | D:2      | Reached XP level 4. HP: 34/36 MP: 5/7
  2589 | D:3      | Killed Sigmund
  2590 | D:3      | Reached skill level 4 in Unarmed Combat
  2590 | D:3      | Reached XP level 5. HP: 26/42 MP: 4/9
  3556 | D:4      | Reached XP level 6. HP: 42/50 MP: 6/10
  4003 | D:4      | You fall into a shaft and drop 3 floors!
  4012 | D:7      | Noticed an ice beast
  4020 | D:7      | Killed an ice beast
  4369 | D:7      | Found a stormy altar of Qazlal.
  4520 | D:7      | Your scales start taking on a lurid green colour.
  4520 | D:7      | Reached XP level 7. HP: 54/57 MP: 7/11
  4520 | D:7      | Gained mutation: Your system is resistant to poisons.
                  | (rPois) [Green Draconian growth]
  4785 | D:7      | Reached skill level 5 in Unarmed Combat
  5313 | D:6      | Found a transporter.
  5316 | D:6      | Noticed Borgoz's ghost (novice HaFi)
  5428 | D:6      | Found Nesel's Book Emporium.
  5629 | D:6      | Found a staircase to the Ecumenical Temple.
  5655 | Temple   | Entered the Ecumenical Temple
  5824 | Temple   | Became a worshipper of Ru the Awakened
  6101 | D:6      | Reached XP level 8. HP: 66/66 MP: 9/13
  6309 | D:6      | Reached skill level 6 in Unarmed Combat
  6649 | D:6      | Found a transporter.
  6802 | D:5      | Entered Level 5 of the Dungeon
  7894 | D:4      | Reached skill level 7 in Unarmed Combat
  8284 | D:4      | Gained mutation: You are somewhat unskilled. (-1 Apt) [Ru
                  | sacrifice]
  8284 | D:4      | Reduced skill Unarmed Combat to level 6
  8284 | D:4      | Reached * piety under Ru
  8284 | D:4      | Reached ** piety under Ru
  8320 | D:4      | Noticed Grinder
  8331 | D:4      | Killed Grinder
  8332 | D:4      | Reached XP level 9. HP: 40/72 MP: 12/15
  9004 | D:8      | Learned a level 4 spell: Ice Form
  9010 | D:8      | Learned a level 5 spell: Blade Hands
  9013 | D:8      | Learned a level 2 spell: Swiftness
  9097 | D:8      | Found a staircase to the Lair.
  9113 | D:8      | Reached skill level 7 in Unarmed Combat
  9124 | D:8      | Noticed an elephant
  9195 | D:8      | Killed an elephant
  9196 | D:8      | Reached skill level 5 in Fighting
  9308 | D:8      | Reached skill level 5 in Transmutations
 10534 | D:9      | Noticed Maggie
 10538 | D:9      | Reached skill level 1 in Ice Magic
 10542 | D:9      | Noticed an eight-headed hydra
 10545 | D:9      | Killed Maggie
 11413 | D:9      | Reached XP level 10. HP: 81/81 MP: 13/17
 11493 | D:9      | Reached skill level 5 in Dodging
 11512 | D:9      | Killed an eight-headed hydra
 11513 | D:9      | Reached skill level 8 in Unarmed Combat
 11513 | D:9      | Reached skill level 5 in Spellcasting
 12498 | D:10     | Entered Level 10 of the Dungeon
 13698 | D:11     | Noticed a boulder beetle
 14002 | D:11     | Noticed a boulder beetle
 14020 | D:11     | Killed a boulder beetle
 14021 | D:11     | Reached skill level 9 in Unarmed Combat
 14188 | D:11     | Reached XP level 11. HP: 71/91 MP: 12/19
 14628 | D:11     | Noticed a boulder beetle
 14662 | D:11     | Killed a boulder beetle
 14706 | D:11     | Noticed a two-headed ogre
 14711 | D:11     | Killed a two-headed ogre
 15837 | D:11     | Killed a boulder beetle
 16574 | Lair:1   | Entered Level 1 of the Lair of Beasts
 16681 | D:8      | Reached skill level 10 in Unarmed Combat
 17011 | D:8      | Slain by a yak

Illustrated notes

Levels and vault maps discovered:
D:1:      ldierk_water_garden, layout_basic
D:2:      layout_loops_ring, grunt_temple_overflow_open,
          nicolae_overflow_crystal_walls
D:3:      layout_rooms, uniq_sigmund
D:4:      layout_basic, minmay_bent, uniq_grinder
D:5:      layout_loops_ring
D:6:      layout_layer_cave, minmay_temple_entry_sparse_star,
          gammafunk_ghost_arena, serial_shops,
          nicolae_shop_competitors_out_of_business
D:7:      layout_basic, st_stairs_10, grunt_qazlal_clouds
D:8:      layout_gridville, david_lair_generic, minmay_small_thing
D:9:      layout_basic, uniq_maggie
D:10:     layout_roguey, grunt_ministairs_12, lemuel_flamethrower_hall
D:11:     layout_rooms, serial_co_window_serial, co_window_cross_1,
          co_window_paths_b, co_window_cross_1, co_window_paths_a,
          co_window_paths_a, co_window_paths_a, co_window_2corner,
          co_window_broadway_b, co_window_2corner, co_window_2corner,
          co_window_paths_d, co_window_4corner_a, glass_columns_a,
          glass_columns_a, glass_columns_a
Temple:   jpeg_temple_clearing
Lair:1:   layout_cave_shapes

Skill      XL: |  1  2  3  4  5  6  7  8  9 10 11 |
---------------+----------------------------------+-----
Dodging        | 2 3 4 5 6 |  6.3
Fighting       | 2 3 4 5 6 7 |  7.2
Unarmed Combat | 4 5 6 7 9 10 | 10.0
Poison Magic   | 2 3 |  3.2
Transmutations | 3 4 5 6 |  6.8
Spellcasting   | 3 4 5 6 |  6.3
Ice Magic      | 2 4 |  4.0

Action                   |  1- 3 |  4- 6 |  7- 9 | 10-12 || total
-------------------------+-------+-------+-------+-------++-------
Melee: Unarmed           |   126 |   116 |   294 |   238 ||   774
       Kick              |    14 |     9 |       |       ||    23
       Tailslap          |     6 |     4 |    19 |    21 ||    50
       Headbutt          |    10 |     2 |       |       ||    12
       Punch             |     2 |     1 |     3 |    10 ||    16
 Cast: Beastly Appendage |    30 |     4 |       |       ||    34
       Spider Form       |       |    21 |    27 |       ||    48
       Ice Form          |       |       |     6 |    14 ||    20
       Blade Hands       |       |       |     3 |    15 ||    18
       Swiftness         |       |       |     1 |       ||     1
Invok: Sacrifice Skill   |       |       |     1 |       ||     1
       Reject Sacrifices |       |       |     1 |       ||     1
 Abil: Breathe Noxious F |       |       |     9 |     3 ||    12
       End Transformatio |       |       |       |     1 ||     1
  Use: Scroll            |     6 |     3 |     7 |     7 ||    23
       Potion            |     3 |     1 |       |     1 ||     5
 Stab: Sleeping          |       |     1 |     1 |       ||     2
       Confused          |       |       |     2 |     2 ||     4
       Paralysed         |       |       |     2 |       ||     2
       Invisible         |       |       |     3 |     1 ||     4
Armor: Skin              |    48 |    20 |    34 |    42 ||   144
Dodge: Dodged            |   103 |    99 |   194 |   172 ||   568

Table legend: (Time is in decaauts)
 A = Elapsed time spent in this place.
 B = Non-inter-level travel time spent in this place.
 C = Inter-level travel time spent in this place.
 D = Time resting spent in this place.
 E = Time spent auto-exploring this place.
 F = Levels seen in this place.
 G = Mean time per level.
                   A        B        C        D        E       F      G
               +--------+--------+--------+--------+--------+-----+--------+
         Total |  16925 |  16352 |    573 |   2807 |  11667 |  13 | 1301.9 |
       Dungeon |  16720 |  16203 |    517 |   2798 |  11544 |  11 | 1520.0 |
        Temple |    197 |    141 |     56 |      9 |    123 |   1 |  197.0 |
          Lair |      6 |      6 |      0 |      0 |      0 |   1 |    6.0 |
               +--------+--------+--------+--------+--------+-----+--------+

Top non-repeatable levels by time:
    D:11: 2862 daAuts
     D:8: 2533 daAuts
     D:6: 1565 daAuts
     D:2: 1550 daAuts
     D:4: 1494 daAuts
     D:9: 1407 daAuts
     D:1: 1288 daAuts
    D:10: 1157 daAuts
     D:7: 1083 daAuts
     D:5: 1067 daAuts
     D:3: 709 daAuts
  Temple: 197 daAuts
  Lair:1: 6 daAuts
